 Dungeon Crawl Stone Soup version 0.31.0-9-g3a7656b989 (webtiles) character file.

Game seed: 6785253620475005073

62 qw the Shooter (level 3, -4/20 HPs)
             Began as a Deep Elf Hunter on Feb 2, 2024.
             Slain by Terence
             ... wielding a +0 trident
              (5 damage)
             ... on level 3 of the Dungeon.
             The game lasted 00:00:03 (942 turns).

qw the Shooter (Deep Elf Hunter)                     Turns: 942, Time: 00:00:04

Health: -4/20      AC:  5    Str:  9    XL:     3   Next: 85%
Magic:  5/5        EV: 10    Int: 17    God:
Gold:   51         SH:  0    Dex: 17    Spells: 2/2 levels left

rFire   + . .        a - +0 shortbow
rCold   . . .        (shield currently unavailable)
rNeg    . . .        k - +0 ring mail
rPois   .            (no helmet)
rElec   .            (no cloak)
rCorr   .            (no gloves)
SInv    .            (no boots)
Will    .....        g - amulet of faith
Stlth   +            (no ring)
HPRegen 0.23/turn    (no ring)
MPRegen 0.09/turn

%: faith
@: no status effects
A: clever 1, fire resistance 1
a: no special abilities


You were on level 3 of the Dungeon.
You visited 2 branches of the dungeon, and saw 5 of its levels.

You collected 51 gold pieces.


Innate Abilities, Weirdness & Mutations

Your mind is acute. (Int +4, Str/Dex -1)
Your flesh is heat resistant. (rF+)


   Skills:
 - Level 1.5 Fighting
 + Level 7.3 Ranged Weapons
 - Level 2.4 Dodging
 - Level 1.2 Stealth


You had 2 spell levels left.
You didn't know any spells.
Your spell library was empty.

Inventory:

Hand Weapons
 a - a +0 shortbow (weapon)
Armour
 k - a +0 ring mail (worn)
Jewellery
 g - an amulet of faith (around neck)
Wands
 j - a wand of acid (10)
Scrolls
 c - a scroll of teleportation {unknown}
Potions
 b - a potion of cancellation
 d - a potion of curing
 e - a potion of heal wounds {unknown}
 f - a potion of mutation
 i - a potion of enlightenment {unknown}

Dungeon Overview and Level Annotations

Branches:
Dungeon (4/15)             Temple (1/1) D:4

Altars:
Ashenzari
Cheibriados
Dithmenos
Elyvilon
Fedhas
Gozag
Kikubaaqudgha
Nemelex Xobeh
Qazlal
Sif Muna
Uskayaw
Wu Jian
Zin

Annotations:
D:3 Terence


Message History

You shoot an arrow.
The arrow hits Terence but does no damage.
Terence shouts!
You shoot an arrow. The arrow closely misses Terence.
You shoot an arrow. The arrow barely misses Terence.
You shoot an arrow. The arrow completely misses Terence.
Terence hits you but does no damage.
You shoot an arrow.
The arrow hits Terence but does no damage.
You hear the slow rusting of a very distant drain.
Terence hits you from afar with a +0 trident!
Terence completely misses you.
You shoot an arrow. The arrow hits Terence.
Terence is moderately wounded.
Terence says, "Don't bother to defend, it's senseless."
Terence hits you from afar with a +0 trident.
You shoot an arrow.
The arrow hits Terence but does no damage.
Terence is moderately wounded.
Terence hits you from afar with a +0 trident.
You shoot an arrow. The arrow hits Terence.
Terence is moderately wounded.
Terence barely misses you.
You shoot an arrow.
The arrow hits Terence but does no damage.
Terence is moderately wounded.
Terence closely misses you. Terence barely misses you.
You shoot an arrow.
The arrow hits Terence but does no damage.
Terence is moderately wounded.
A ribbon worm comes into view.
Terence closely misses you.
You shoot an arrow.
The arrow hits Terence but does no damage.
Terence is moderately wounded.
Terence hits you from afar with a +0 trident.
You shoot an arrow. The arrow closely misses Terence.
Terence hits you from afar with a +0 trident.
You die...
Terence says, "Rest in peace."

#########
#.......#
#..####.#
####..####.###
#............#####
#.##..####.#.....)
#@##.......#######
#.###......# ####
#.@ ##.##### #...
###w #.. #.## .#
#.# ##.# . ..
#..## .# #.... .
#)##. .%.#..


You could see Terence and a ribbon worm.

Vanquished Creatures
  Jessica (D:2)
  3 dart slugs
  2 orcs (D:3)
  A ball python (D:1)
  2 endoplasms (D:1)
  2 goblins (D:2)
  3 hobgoblins
  2 kobolds (D:1)
  A quokka (D:1)
  5 bats (D:1)
  2 frilled lizards
  4 rats
28 creatures vanquished.

Notes
Turn   | Place    | Note
-------+----------+-------------------------------------------
     0 | D:1      | qw the Deep Elf Hunter began the quest for the Orb.
     0 | D:1      | Reached XP level 1. HP: 12/12 MP: 3/3
     0 | D:1      | 0 ||| qw: Version: 0.3-a-155-g5e7d8dd
     0 | D:1      | 0 ||| qw: Game counter: 445
     0 | D:1      | 0 ||| qw: Melee chars always use a shield: true
     0 | D:1      | 0 ||| qw: God list: Okawaru
     0 | D:1      | 0 ||| qw: Allow faded altars: false
     0 | D:1      | 0 ||| qw: Do Orc after clearing Dungeon:15 true
     0 | D:1      | 0 ||| qw: Do second Lair branch before Depths: true
     0 | D:1      | 0 ||| qw: Lair rune preference: random
     0 | D:1      | 0 ||| qw: Goals: Normal
     0 | D:1      | 0 ||| PLANNING D:1-11
   188 | D:1      | Reached skill level 6 in Ranged Weapons
   188 | D:1      | Reached XP level 2. HP: 16/16 MP: 4/4
   526 | D:1      | 526 ||| UPGRADING to amulet of faith.
   531 | D:1      | 531 ||| READING scroll labelled OMOWAN CEJAD.
   532 | D:1      | 532 ||| DRINKING 3 golden potions.
   533 | D:1      | 533 ||| DRINKING 2 smoky coppery potions.
   533 | D:1      | Gained mutation: Your flesh is heat resistant. (rF+)
                  | [potion of mutation]
   533 | D:1      | Gained mutation: Your mind is acute. (Int +4, Str/Dex -1)
                  | [potion of mutation]
   534 | D:1      | 534 ||| DROPPING scroll of butterflies.
   536 | D:1      | 536 ||| Stepping ~*~*~tactically~*~*~ (cloud).
   536 | D:1      | HP: 4/16 [poisoned by you (poison gas)]
   537 | D:1      | 537 ||| DRINKING 2 potions of curing.
   537 | D:1      | 537 ||| (to cure poison)
   730 | D:2      | Noticed Jessica
   733 | D:2      | Killed Jessica
   734 | D:2      | Reached skill level 7 in Ranged Weapons
   734 | D:2      | Reached XP level 3. HP: 20/20 MP: 5/5
   804 | D:2      | You fall into a shaft and drop 2 floors!
   807 | D:4      | Found a staircase to the Ecumenical Temple.
   808 | D:4      | 808 ||| PLANNING TEMPLE
   808 | D:4      | 808 ||| UPGRADING to +0 ring mail.
   818 | D:4      | 818 ||| DROPPING +0 leather armour.
   819 | D:4      | 819 ||| READING scroll labelled DOMOFR QOYFAOT.
   820 | D:4      | 820 ||| DRINKING 2 red potions.
   830 | Temple   | Entered the Ecumenical Temple
   831 | Temple   | 831 ||| PLANNING D:1-11
   843 | D:3      | 843 ||| PLANNING SEWER
   930 | D:3      | Noticed Terence
   937 | D:3      | HP: 5/20 [Terence/+0 trident (4)]
   941 | D:3      | HP: 1/20 [Terence/+0 trident (6)]
   942 | D:3      | Slain by Terence

Levels and vault maps discovered:
D:1:      ncdulo_halloftheorcs, layout_basic
D:2:      layout_loops_corners, uniq_jessica
D:3:      layout_loops_cross, mainiacjoe_overflow_boulevard,
          gammafunk_temple_overflow_forgotten, portal_sewer_entry_a,
          minmay_surrounded, uniq_terence, uniq_sigmund, uniq_natasha
D:4:      layout_cave_pods, xom_teletrap_fun, minmay_temple_entry_crystal_x,
          minivault_5, uniq_edmund
Temple:   dshaligram_water_room_temple

Skill      XL: |  1  2 |
---------------+-------+-----
Ranged Weapons | 6 7 |  7.3
Fighting       | |  1.5
Dodging        | |  2.4
Stealth        | |  1.2

Action                     || total
---------------------------++-------
   Fire: Shortbow          ||    86
    Use: Potion            ||     4
         Scroll            ||     2
 Armour: Leather armour    ||     3
         Ring mail         ||    15
  Dodge: Dodged            ||    15

Table legend:
 A = Non-vault XP
 B = Vault XP
 C = Vault XP percentage of total XP
 D = Non-vault monster count
 E = Vault monster count
 F = Vault count percentage of total count
                 A         B        C        D         E       F
            +---------+---------+-------+---------+---------+-------
      Total |      42 |      47 |  52.8 |      23 |       5 |  17.9
            +---------+---------+-------+---------+---------+-------
        D:1 |      27 |       0 |   0.0 |      16 |       0 |   0.0
        D:2 |       6 |      37 |  86.0 |       4 |       1 |  20.0
        D:3 |       9 |      10 |  52.6 |       3 |       4 |  57.1
            +---------+---------+-------+---------+---------+-------
